 Dungeon Crawl Stone Soup version 0.24.0-13-gcf9b319 (webtiles) character file.

Game seed: 4287994428292990151, levelgen mode: deterministic

15424 Fang the Fighter (level 12, 0/80 HPs)
             Began as a Gargoyle Berserker on Nov 12, 2019.
             Was a High Priest of Trog.
             Incinerated by a deep elf mage (10 damage)
             ... with a sticky flame
             ... on level 12 of the Dungeon.
             The game lasted 00:12:56 (10166 turns).

Fang the Fighter (Gargoyle Berserker)              Turns: 10166, Time: 00:12:56

Health: 0/80       AC: 36    Str: 27    XL:     12   Next: 26%
Magic:  0/12       EV:  8    Int:  7    God:    Trog [*****.]
Gold:   904        SH:  9    Dex:  9    Spells: 11/11 levels left

rFire    . . .     SeeInvis .   a - +6 war axe
rCold    + . .     Gourm    .   x - +0 shield
rNeg     + . .     Faith    .   b - +3 plate armour (curse)
rPois    ∞         Spirit   +   j - +2 helmet
rElec    +         Reflect  .   G - +2 cloak of the Arcane {rC+}
rCorr    +         Harm     .   (no gloves)
MR       ++...                  (no boots)
Stlth    ..........             I - amulet of guardian spirit
HPRegen  1.23/turn              n - ring of resist corrosion
MPRegen  0.13/turn              y - +3 ring of protection

@: liquid flames, about to teleport, berserk cooldown, regenerating, slowed,
glowing, very slow
A: negative energy resistance 1, electricity resistance, unbreathing,
petrification resistance, rot immunity, AC +8
a: Berserk, Trog's Hand, Brothers in Arms, Renounce Religion


You were on level 12 of the Dungeon.
You worshipped Trog.
Trog was extremely pleased with you.
You were very hungry.

You visited 2 branches of the dungeon, and saw 13 of its levels.
You also visited: Sewer.

You collected 904 gold pieces.

Inventory:

Hand Weapons
 a - a +6 war axe (weapon)
 H - a +3 antimagic broad axe
Armour
 b - a cursed +3 plate armour (worn)
 j - a +2 helmet (worn)
 x - a +0 shield (worn)
 G - the +2 cloak of the Arcane (worn) {rC+}
   (You found it on level 8 of the Dungeon)

   It protects you from cold.
Jewellery
 i - an uncursed amulet of magic regeneration
 n - a ring of resist corrosion (left hand)
 p - an uncursed ring of protection from cold
 y - a +3 ring of protection (right hand)
 I - an amulet of guardian spirit (around neck)
Wands
 f - a wand of flame (27)
 g - a wand of scattershot (5)
 s - a wand of polymorph (4)
 w - a wand of disintegration (14)
 D - a wand of iceblast (22)
 E - a wand of random effects (28)
 J - a wand of digging (6)
Scrolls
 h - 5 scrolls of identify
 o - 6 scrolls of teleportation
 v - 4 scrolls of remove curse
 C - 3 scrolls of fog
Potions
 d - 2 potions of haste
 e - 3 potions of lignification
 k - 2 potions of ambrosia
 l - a potion of cancellation
 m - 5 potions of flight
 q - 3 potions of agility
 r - 3 potions of brilliance
 u - a potion of degeneration
 A - a potion of mutation
 B - a potion of might
Comestibles
 c - 25 rations
 t - 11 chunks of flesh


   Skills:
 + Level 11.0 Fighting
 + Level 9.4 Axes
 + Level 10.8 Armour
 + Level 8.4 Dodging
 + Level 3.4 Shields


You had 11 spell levels left.
You didn't know any spells.
Your spell library was empty.

Dungeon Overview and Level Annotations

Branches:
Dungeon (12/15)            Temple (1/1) D:7            Lair (0/6) D:11
  Sewer (visited)
    Orc: D:9-12

Altars:
Elyvilon
Fedhas
Hepliaklqana
Ru
Sif Muna
Wu Jian
Xom
Zin
The Shining One
Beogh

Shops:
D:7 =


Innate Abilities, Weirdness & Mutations

You are resistant to torment.
Your stone body is resilient. (AC +8)
You are immune to poison.
You resist negative energy. (rN+)
You are resistant to electric shocks. (rElec)
You can survive without breathing.
You are immune to petrification.
You are immune to rotting.


Message History

You are covered in liquid flames!
You slash the deep elf mage!
The deep elf mage is lightly wounded.
You are covered in liquid flames!
The deep elf mage hits you but does no damage.
You block the deep elf mage's attack.
Your plate armour prevents you from hitting the deep elf mage.
The deep elf mage is lightly wounded.
You are covered in liquid flames!
* * * LOW HITPOINT WARNING * * *
The deep elf mage mumbles some strange words.
The deep elf mage blinks!
You are covered in liquid flames!
* * * LOW HITPOINT WARNING * * *
You are covered in liquid flames!
* * * LOW HITPOINT WARNING * * *
As you read the scroll of teleportation, it crumbles to dust.
You feel strangely unstable.
You are covered in liquid flames!
You die...

######################
.....................
...................#
..######...........##..
......))...............
.....))###'###...####
.....#.#.....#.#.#
.....#.#.....#.#.#
.....#.#.....#.e@#
.......#######...#####+##
#'####+##...............#
..).....#....######.....#
......).#...............#
#....##+#...............#
#....# .. ........#####
.....# ......#.# .....#
........#


You could see a deep elf mage.

Vanquished Creatures
  Erica (D:8)
  A two-headed ogre (D:9)
  Pikel (D:4)
  2 ugly things
  A cyclops (D:11)
  Joseph (D:7)
  Maurice (D:12)
  A komodo dragon (D:11)
  A spriggan (D:8)
  4 wyverns
  3 wraiths
  Eustachio (D:5)
  19 yaks
  A hungry ghost (D:12)
  Edmund (D:6)
  An acid dragon (D:12)
  A water moccasin (D:11)
  8 orc warriors
  4 slaves (D:4)
  2 ice beasts
  2 black bears
  A phantom (D:5)
  6 sky beasts
  3 ogres
  2 necrophages
  3 centaurs
  2 big kobolds
  4 bullfrogs
  Blork the orc (D:4)
  A gnoll sergeant (D:8)
  A wyvern zombie (D:8)
  A wyvern skeleton (D:6)
  5 scorpions
  11 killer bees
  3 howler monkeys
  4 wights (D:8)
  3 crimson imps
  A bullfrog zombie (D:8)
  3 jellies
  3 centaur zombies
  A bullfrog skeleton (D:12)
  A quasit (D:10)
  A hound (D:5)
  10 orc wizards
  10 orc priests
  Crazy Yiuf (D:5)
  6 iguanas
  Jessica (D:2)
  A merfolk avatar (Sewer)
  11 worker ants
  A merfolk siren (Sewer)
  A worker ant zombie (D:7)
  Robin (D:2)
  9 gnolls
  2 river rats (Sewer)
  17 adders
  3 shadow imps
  An ooze (D:4)
  An adder zombie (D:8)
  2 adder skeletons
  2 worms
  3 dart slugs
  7 leopard geckos
  40 orcs
  5 ball pythons (Sewer)
  14 giant cockroaches
  6 hobgoblins
  2 jackals (D:1)
  3 quokkas
  3 bats (D:3)
  8 frilled lizards
  14 goblins
  15 kobolds
  28 rats
  4 plants (D:11)
350 creatures vanquished.

Vanquished Creatures (collateral kills)
  The ghost of Naiya55 the Cleaver, a novice FoWr of Ru (D:8)
  2 orc priests (D:8)
  4 orcs (D:8)
7 creatures vanquished.

Vanquished Creatures (others)
  A goblin (D:1)
  A hobgoblin (D:1)
  A quokka (D:2)
  5 plants (D:11)
8 creatures vanquished.

Grand Total: 365 creatures vanquished

Notes
Turn   | Place    | Note
-------+----------+-------------------------------------------
     0 | D:1      | Fang the Gargoyle Berserker began the quest for the Orb.
     0 | D:1      | Reached XP level 1. HP: 14/14 MP: 1/1
   379 | D:1      | Reached XP level 2. HP: 19/19 MP: 2/2
  1237 | D:2      | Reached XP level 3. HP: 7/24 MP: 3/3
  1241 | D:2      | HP: 1/36 [adder (3)]
  1244 | D:2      | Reached ** piety under Trog
  1244 | D:2      | Reached XP level 4. HP: 2/29 MP: 4/4
  1548 | D:2      | Noticed Jessica
  1561 | D:2      | Killed Jessica
  1561 | D:2      | Reached skill level 4 in Fighting
  1750 | D:2      | Noticed Robin
  1764 | D:2      | Killed Robin
  1821 | D:2      | Found a white marble altar of Elyvilon.
  1843 | D:2      | Reached XP level 5. HP: 33/33 MP: 5/5
  1925 | D:2      | Found a glowing golden altar of the Shining One.
  2807 | D:3      | Reached XP level 6. HP: 39/39 MP: 6/6
  3108 | D:4      | Noticed Blork the orc
  3118 | D:4      | Killed Blork the orc
  3118 | D:4      | Reached *** piety under Trog
  3199 | D:4      | Found a glowing silver altar of Zin.
  3232 | D:4      | Noticed a slave
  3233 | D:4      | Noticed a slave
  3233 | D:4      | Noticed a slave
  3234 | D:4      | Noticed a slave
  3234 | D:4      | Noticed Pikel
  3242 | D:4      | Killed a slave
  3248 | D:4      | Killed a slave
  3249 | D:4      | Killed a slave
  3250 | D:4      | Killed a slave
  3291 | D:4      | Killed Pikel
  3291 | D:4      | Reached skill level 5 in Fighting
  3291 | D:4      | Reached skill level 5 in Armour
  3291 | D:4      | Reached XP level 7. HP: 20/45 MP: 7/7
  3291 | D:4      | Reached XP level 8. HP: 23/51 MP: 8/8
  3422 | D:4      | Reached skill level 6 in Fighting
  3558 | D:4      | Found a glowing drain.
  3580 | Sewer    | Entered a sewer
  3592 | Sewer    | Reached skill level 5 in Axes
  3941 | Sewer    | Reached **** piety under Trog
  4320 | D:5      | Entered Level 5 of the Dungeon
  4351 | D:5      | Noticed Eustachio
  4429 | D:5      | Killed Eustachio
  4672 | D:5      | Found a runed translucent door.
  4673 | D:5      | Noticed Crazy Yiuf
  5103 | D:5      | Killed Crazy Yiuf
  5251 | D:6      | Reached skill level 7 in Fighting
  5251 | D:6      | Reached XP level 9. HP: 57/57 MP: 9/9
  5337 | D:6      | Noticed Edmund
  5347 | D:6      | Killed Edmund
  5347 | D:6      | Reached skill level 5 in Dodging
  5949 | D:7      | Found an ornate altar of the Wu Jian Council.
  6028 | D:7      | Reached ***** piety under Trog
  6039 | D:7      | Found a staircase to the Ecumenical Temple.
  6126 | D:7      | Found Vitoch's Jewellery Shop.
  6144 | Temple   | Entered the Ecumenical Temple
  6162 | D:7      | Noticed Joseph
  6176 | D:7      | Killed Joseph
  6176 | D:7      | Reached skill level 8 in Fighting
  6378 | D:7      | Found a shimmering altar of Xom.
  6470 | D:8      | Received a gift from Trog
  6536 | D:8      | Reached XP level 10. HP: 59/64 MP: 10/10
  6654 | D:8      | Found a runed translucent gate.
  6654 | D:8      | Noticed Naiya55's ghost (novice FoWr)
  6655 | D:8      | Found a runed translucent gate.
  6656 | D:8      | Found a runed translucent gate.
  6662 | D:8      | Found a roughly hewn altar of Beogh.
  6921 | D:8      | Noticed Erica
  6946 | D:8      | Killed Erica
  6949 | D:8      | Reached skill level 9 in Fighting
  7264 | D:8      | Killed Naiya55's ghost
  7318 | D:8      | Got a heavily runed cloak
  7329 | D:8      | Identified the +2 cloak of the Arcane {rC+} (You found it
                  | on level 8 of the Dungeon)
  7425 | D:9      | Reached XP level 11. HP: 71/71 MP: 11/11
  7436 | D:9      | Received a gift from Trog
  7596 | D:9      | Found a shimmering blue altar of Sif Muna.
  7609 | D:9      | Found a sacrificial altar of Ru.
  7610 | D:9      | Noticed a two-headed ogre
  7617 | D:9      | Killed a two-headed ogre
  7937 | D:10     | Entered Level 10 of the Dungeon
  7941 | D:10     | Reached skill level 10 in Fighting
  8344 | D:10     | Reached skill level 10 in Armour
  8817 | D:11     | Noticed a cyclops
  8826 | D:11     | Killed a cyclops
  8906 | D:11     | Found a staircase to the Lair.
  8910 | D:11     | Noticed a purple ugly thing
  8920 | D:11     | Killed a purple ugly thing
  8920 | D:11     | Reached skill level 1 in Shields
  9589 | D:12     | Noticed a purple ugly thing
  9594 | D:12     | Killed a purple ugly thing
  9598 | D:12     | Reached XP level 12. HP: 74/79 MP: 12/12
  9723 | D:12     | Received a gift from Trog
  9841 | D:12     | Reached skill level 11 in Fighting
  9985 | D:12     | Found the +7 great mace "Undeadhunter" {disrupt, rN+}
  9989 | D:12     | Noticed Maurice
 10020 | D:12     | Killed Maurice
 10166 | D:12     | Incinerated by a deep elf mage

Levels and vault maps discovered:
D:1:      dpeg_arrival_stone_temple_mockup, layout_loops_ring,
          chequers_serial_rivers_micro_a, chequers_serial_rivers_micro_d,
          lemuel_flame_loot_1
D:2:      layout_basic, tso_oasis_becter, elyvilon_altar_4, uniq_robin,
          uniq_jessica
D:3:      layout_loops_ring, first_ration, kennysheep_generic_room_6
D:4:      layout_rooms, kennysheep_mini_moat, gup_sewer_entry_pipe, uniq_pikel,
          uniq_blork_the_orc
D:5:      layout_rooms, uniq_eustachio, uniq_crazy_yiuf_cottage
D:6:      layout_rooms, grunt_decor_resistance, uniq_edmund
D:7:      layout_rooms, old_standard_altar, xom_butterflies,
          minmay_temple_entry_ruins, serial_shops, shop, uniq_joseph
D:8:      layout_rooms, biasface_ghost_orc_armoury, the_bakery, uniq_erica
D:9:      layout_basic, chequers_temple_overflow_statue_of_worship
D:10:     layout_basic
D:11:     layout_long_grid, david_lair_shrubbed
D:12:     layout_stronghold, orc_david_3, uniq_maurice
Temple:   nicolae_temple_elliptical

Skill      XL: |  1  2  3  4  5  6  7  8  9 10 11 12 |
---------------+-------------------------------------+-----
Axes           | 3 4 5 6 8 9 |  9.4
Dodging        | 2 3 4 5 7 8 |  8.4
Armour         | 3 5 6 7 9 10 | 10.8
Fighting       | 4 5 7 8 9 10 11 | 11.0
Shields        | 2 3 |  3.4

Action                   |  1- 3 |  4- 6 |  7- 9 | 10-12 || total
-------------------------+-------+-------+-------+-------++-------
Melee: Hand axe          |    55 |   118 |       |       ||   173
       War axe           |       |    70 |   484 |   545 ||  1099
       Unarmed           |       |       |     1 |       ||     1
       Broad axe         |       |       |       |    44 ||    44
Invok: Berserk           |     1 |     4 |     6 |     6 ||    17
       Trog's Hand       |       |     2 |     1 |     3 ||     6
       Brothers in Arms  |       |       |       |     2 ||     2
  Use: Scroll            |       |       |    10 |    14 ||    24
       Potion            |       |       |       |     1 ||     1
  Eat: Chunk             |       |    11 |    17 |    20 ||    48
       Ration            |       |       |     1 |       ||     1
Armor: Animal skin       |    19 |    91 |    65 |       ||   175
       Chain mail        |       |       |   100 |       ||   100
       Plate armour      |       |       |   239 |   483 ||   722
Dodge: Dodged            |    40 |   163 |   309 |   187 ||   699
Block: Shield            |       |       |   113 |   264 ||   377
